 Dungeon Crawl Stone Soup version 0.29-a0-670-g5ff2a30383 (webtiles) character file.

Game seed: 5234738232087570258

32968 PentaManta the Spry (level 13, -1/57 HPs)
             Began as a Spriggan Hunter on June 24, 2022.
             Was an Initiate of Gozag.
             Slain by a boulder beetle (58 damage)
             ... on level 5 of the Lair of Beasts.
             The game lasted 00:33:11 (15944 turns).

PentaManta the Spry (Spriggan Hunter)              Turns: 15944, Time: 00:33:11

Health: -1/57      AC:  5    Str:  7    XL:     13   Next: 34%
Magic:  14/14      EV:  4    Int: 10    God:    Gozag
Gold:   3674       SH:  0    Dex: 30    Spells: 12/12 levels left

rFire   . . .      SeeInvis +   C - +6 shortbow
rCold   . . .      Faith    .   (shield currently unavailable)
rNeg    . . .      Spirit   .   A - +0 steam dragon scales
rPois   .          Reflect  .   E - +0 hat {SInv}
rElec   .          Harm     .   (no cloak)
rCorr   .          Rampage  .   (gloves unavailable)
Will    ++...                   (boots unavailable)
Stlth   +++++++...              (no amulet)
HPRegen 0.19/turn               k - +6 ring of dexterity
MPRegen 0.14/turn               (no ring)

@: sleeping, very quick
A: very small, no large weapons, unfitting armour, see invisible, speed 3
a: Renounce Religion, Potion Petition, Call Merchant, Bribe Branch


You were on level 5 of the Lair of Beasts.
You worshipped Gozag.
Gozag was most pleased with you.
You visited 3 branches of the dungeon, and saw 17 of its levels.
You also visited: Ossuary.

You collected 3717 gold pieces.
You paid 43 gold pieces to Gozag.

Inventory:

Hand Weapons
 a - a +3 shortbow of freezing
 s - a +3 dagger of venom
 C - a +6 shortbow (weapon)
 D - a +2 shortbow of flaming
Missiles
 r - 31 poisoned darts
 y - 2 throwing nets
Armour
 v - the +2 ratskin cloak {*Rats rPois rN+ Str-1 Int-1 Dex+1}
   (You found it on level 5 of the Dungeon)

   When the wearer is hurt, rats may emerge from it to assist them.
   Str:       It affects your strength (-1).
   Int:       It affects your intelligence (-1).
   Dex:       It affects your dexterity (+1).
   rPois:     It protects you from poison.
   rN:        It protects you from negative energy.
 x - a +2 robe of positive energy
 A - +0 steam dragon scales (worn)
 E - a +0 hat of see invisible (worn)
Jewellery
 b - a ring of ice
 k - a +6 ring of dexterity (left hand)
Wands
 d - a wand of charming (19)
 j - a wand of iceblast (2)
 q - a wand of flame (57)
 z - a wand of mindburst (8)
Scrolls
 c - 3 scrolls of immolation
 e - 3 scrolls of teleportation
 f - a scroll of blinking
 w - a scroll of fear
Potions
 g - 9 potions of curing
 h - a potion of haste
 i - a potion of cancellation
 l - 9 potions of heal wounds
 m - 4 potions of lignification
 n - 7 potions of flight
 o - 2 potions of mutation
 p - 5 potions of berserk rage
 t - 4 potions of might
 u - 2 potions of ambrosia
 B - a potion of invisibility
Miscellaneous
 F - a phial of floods


   Skills:
 - Level 1.6 Fighting
 - Level 16.0 Bows
 * Level 17.5 Dodging
 + Level 14.8 Stealth
 + Level 12.4 Evocations


You had 12 spell levels left.
You didn't know any spells.
Your spell library contained the following spells:

 Spells                   Type           Power      Damage    Failure   Level
 Apportation              Tloc           0%         N/A       36%         1
 Freeze                   Ice            0%         1d3       36%         1
 Necrotize                Necr           0%         1d4       36%         1
 Summon Small Mammal      Summ           0%         N/A       36%         1
 Frozen Ramparts          Ice            0%         1d2       75%         3
 Gell's Gravitas          Tloc           0%         N/A       75%         3
 Lesser Beckoning         Tloc           0%         N/A       75%         3
 Mephitic Cloud           Conj/Pois/Air  0%         N/A       75%         3
 Spider Form              Tmut/Pois      0%         N/A       75%         3
 Teleport Other           Tloc           0%         N/A       75%         3
 Airstrike                Air            0%         N/A       98%         4
 Hailstorm                Conj/Ice       0%         3d3       98%         4
 Summon Lightning Spire   Summ/Air       0%         N/A       98%         4
 Lightning Bolt           Conj/Air       0%         1d11      100%        5
 Fire Storm               Conj/Fire      0%         5d1       100%        9


Dungeon Overview and Level Annotations

Branches:
Dungeon (11/15)            Temple (1/1) D:4            Lair (5/6) D:9
 Shoals (0/4) Lair:3        Snake (0/4) Lair:3      Ossuary (visited)
  Slime: Lair:5-6       Orc: D:9-12

Altars:
Ashenzari
Cheibriados
Dithmenos
Elyvilon
Fedhas
Gozag
Hepliaklqana
Kikubaaqudgha
Makhleb
Nemelex Xobeh
Okawaru
Qazlal
Ru
Sif Muna
Trog
Uskayaw
Vehumet
Wu Jian
Xom
Yredelemnul
Zin
The Shining One
Beogh

Shops:
D:6 [

Annotations:
D:4 1 exclusion
Lair:2 exclusion: oklob plant


Innate Abilities, Weirdness & Mutations

You are very small and have problems with some larger weapons.
You are too small for most types of armour.
You have supernaturally acute eyesight. (SInv)
You cover ground extremely quickly. (Speed+++)


Message History

The cane toad is lightly wounded.
You hear a bleat!
You shoot an arrow. The arrow hits the cane toad!
The cane toad is heavily wounded.
You shoot an arrow. The arrow hits the cane toad!!
The cane toad is almost dead.
You shoot an arrow. The arrow hits the cane toad.
The cane toad is almost dead.
You shoot an arrow. The arrow hits the cane toad!
You kill the cane toad!
No target in view!
No target in view!
You now have 3659 gold pieces (gained 3).
You now have 3666 gold pieces (gained 7).
You now have 3674 gold pieces (gained 8).
A boulder beetle comes into view.
A boulder beetle is nearby!
A boulder beetle is nearby!
A boulder beetle is nearby!
You shoot an arrow. The arrow hits the boulder beetle.
The boulder beetle is lightly wounded.
The boulder beetle leaps!
You hear a loud, deep croak!
No target in view!
A boulder beetle, 5 dream sheep, a black mamba and a blink frog come into view.
The boulder beetle curls into a ball and begins rolling!
You shoot an arrow.
The dream sheep bleats! x5; The black mamba hisses angrily.
The arrow hits the dream sheep.
The dream sheep is lightly wounded.
The blink frog blinks!
You shoot an arrow. The arrow hits the dream sheep.
The dream sheep is moderately wounded.
The dream sheep ruffle their wool and motes of dream dust sparkle, to no effect.
The dream sheep shake their wool and sparkle.
You feel drowsy...
You fall asleep.
The boulder beetle hits you!!!
Ouch! That really hurt!
You die...
Your body crumbles into a pile of gold.

#... #..Y8...#
#..##.... .##
#.###....###...##
#......Y##.##...#
..+.8.○#°...#...##
#...##P°.......#
#.......°..#...#
#....P###○.##..##
#..#.P ##B@#...##
## ### #.....<..#
##..#....#
#...####.# #....
## #....# #.....#
#......P ......


You could see a boulder beetle (rolling) and a dream sheep.

Vanquished Creatures
  Gastronok (Lair:1)
  Josephine (D:9)
  A boulder beetle (Lair:3)
  The ghost of crabbyslav the Purveyor of Pain, a journeyman DsNe of Kikubaaqudgha (Lair:1)
  A hydra (Lair:3)
  A two-headed ogre (D:9)
  2 black mambas (Lair:3)
  5 elephants
  11 cane toads
  Maggie (D:8)
  A gargoyle (D:10)
  4 rime drakes
  4 komodo dragons
  3 polar bears (Lair:3)
  A troll (D:9)
  A hornet (D:8)
  11 blink frogs
  37 yaks
  5 wraiths
  4 wyverns
  5 basilisks
  2 steam dragons
  The ghost of CannotBeFrozen the Slasher, an amateur DgWr (D:4)
  Grum (D:8)
  Edmund (D:4)
  3 nagas (Lair:3)
  An acid dragon (D:7)
  11 water moccasins
  5 ice beasts
  5 black bears
  2 sky beasts
  2 orc warriors
  18 wolves
  6 centaurs
  A phantom (D:3)
  A kobold brigand (D:7)
  10 bullfrogs
  4 necrophages
  A gnoll sergeant (D:8)
  5 scorpions
  5 water moccasin zombies
  15 killer bees
  An electric eel (Lair:3)
  6 howler monkeys
  2 jellies
  A hound (D:6)
  8 orc priests
  Jessica (D:2)
  Natasha (thrice) (D:2)
  3 orc wizards
  A scorpion zombie (D:4)
  A hell rat (D:5)
  3 mummies
  8 gnolls
  10 adders
  12 river rats (D:5)
  2 shadow imps
  A white imp (D:6)
  An ufetubus (D:6)
  8 adder zombies
  A worm (D:1)
  7 dart slugs
  33 orcs
  9 endoplasms
  4 giant cockroaches (D:3)
  6 hobgoblins
  7 jackals
  5 quokkas
  7 ball pythons
  8 bats
  4 frilled lizards
  A gnoll zombie (Ossuary)
  5 goblins
  4 hobgoblin zombies (Ossuary)
  21 kobolds
  7 kobold zombies (Ossuary)
  7 orc zombies (Ossuary)
  5 rats
414 creatures vanquished.

Vanquished Creatures (collateral kills)
  A boulder beetle (Lair:2)
  A cane toad (Lair:1)
  A komodo dragon (Lair:1)
  A yak (D:8)
  A scorpion (D:8)
  An orc priest (D:9)
6 creatures vanquished.

Vanquished Creatures (others)
  A bush (D:4)
  5 fungi
  18 plants
24 creatures vanquished.

Grand Total: 444 creatures vanquished

Notes
Turn   | Place    | Note
-------+----------+-------------------------------------------
     0 | D:1      | PentaManta the Spriggan Hunter began the quest for the Orb.
     0 | D:1      | Reached XP level 1. HP: 10/10 MP: 2/2
    53 | D:1      | Reached skill level 5 in Bows
    60 | D:1      | Reached XP level 2. HP: 14/14 MP: 3/3
   218 | D:1      | Reached XP level 3. HP: 12/18 MP: 4/4
   317 | D:1      | Found a faded altar of an unknown god.
   642 | D:2      | Found a basalt altar of Yredelemnul.
   822 | D:2      | Noticed Jessica
   825 | D:2      | Killed Jessica
   826 | D:2      | Reached XP level 4. HP: 22/22 MP: 5/5
   849 | D:2      | Noticed Natasha
   854 | D:2      | Killed Natasha
  1012 | D:2      | Noticed Natasha
  1013 | D:2      | Killed Natasha
  1014 | D:2      | Reached XP level 5. HP: 25/25 MP: 6/6
  1105 | D:2      | Noticed Natasha
  1113 | D:2      | Killed Natasha
  1728 | D:3      | Noticed a phantom
  1736 | D:3      | Killed a phantom
  1737 | D:3      | Reached XP level 6. HP: 29/30 MP: 7/7
  2193 | D:4      | Noticed Edmund
  2237 | D:4      | Killed Edmund
  2238 | D:4      | Reached skill level 10 in Bows
  2357 | D:4      | Found a runed translucent gate.
  2358 | D:4      | Found a runed translucent gate.
  2359 | D:4      | Found a runed translucent gate.
  2360 | D:4      | Noticed CannotBeFrozen's ghost (amateur DgWr)
  2477 | D:4      | Found a staircase to the Ecumenical Temple.
  2525 | D:4      | Reached XP level 7. HP: 33/33 MP: 8/8
  2530 | Temple   | Entered the Ecumenical Temple
  2847 | Temple   | Became a worshipper of Gozag Ym Sagoz the Greedy
  3577 | D:4      | Killed CannotBeFrozen's ghost
  4034 | D:4      | Found a blossoming altar of Fedhas.
  4174 | D:4      | Reached XP level 8. HP: 32/37 MP: 9/9
  4224 | D:5      | Entered Level 5 of the Dungeon
  4314 | D:5      | Found a sand-covered staircase.
  4346 | Ossuary  | Entered an ossuary
  5038 | D:5      | Identified the +5 dagger of Ixoej {vorpal, Str-3 Int+3
                  | Stlth+}
  5586 | D:5      | Found the +2 ratskin cloak {*Rats rPois rN+ Str-1 Int-1
                  | Dex+1}
  6028 | D:6      | Found Raoddium's Antique Armour Shop.
  6058 | D:6      | Reached XP level 9. HP: 42/42 MP: 10/10
  6192 | D:6      | Reached skill level 15 in Bows
  6896 | D:7      | Reached skill level 3 in Dodging
  7020 | D:7      | Reached skill level 1 in Evocations
  7030 | D:7      | Reached skill level 4 in Dodging
  7330 | D:7      | Found a glowing golden altar of the Shining One.
  7512 | D:8      | Reached skill level 5 in Dodging
  7528 | D:8      | Reached skill level 6 in Dodging
  7528 | D:8      | Reached XP level 10. HP: 26/46 MP: 11/11
  7541 | D:7      | Reached skill level 5 in Stealth
  7830 | D:8      | Noticed Grum
  7844 | D:8      | Killed Grum
  7845 | D:8      | Reached skill level 7 in Dodging
  8188 | D:8      | Reached skill level 5 in Evocations
  8193 | D:8      | Reached skill level 8 in Dodging
  8289 | D:8      | Noticed Maggie
  8325 | D:8      | Killed Maggie
  8335 | D:8      | Reached skill level 9 in Dodging
  8674 | D:8      | Reached skill level 10 in Dodging
  9076 | D:9      | Got the Volume of Morality
  9181 | D:9      | Reached XP level 11. HP: 44/49 MP: 12/12
  9261 | D:9      | Found a staircase to the Lair.
  9388 | D:9      | Noticed a two-headed ogre
  9436 | D:9      | Killed a two-headed ogre
  9875 | D:10     | Entered Level 10 of the Dungeon
 10023 | D:10     | Reached skill level 11 in Dodging
 10089 | D:10     | Noticed Josephine
 10116 | D:9      | Killed Josephine
 10374 | D:10     | Noticed a centaur warrior
 10655 | D:9      | Reached skill level 12 in Dodging
 10655 | D:9      | Reached skill level 10 in Stealth
 10843 | Lair:1   | Entered Level 1 of the Lair of Beasts
 11095 | Lair:1   | Reached skill level 13 in Dodging
 11198 | Lair:1   | Found a shimmering altar of Xom.
 11469 | Lair:1   | Noticed Gastronok
 11492 | Lair:1   | Killed Gastronok
 11533 | Lair:1   | Found a large runed translucent door.
 11533 | Lair:1   | Found a large runed translucent door.
 11595 | Lair:1   | Reached XP level 12. HP: 53/53 MP: 13/13
 11798 | Lair:1   | Noticed crabbyslav's ghost (journeyman DsNe)
 11986 | Lair:1   | Killed crabbyslav's ghost
 11987 | Lair:1   | Reached skill level 14 in Dodging
 12158 | Lair:2   | Reached skill level 10 in Evocations
 12370 | Lair:2   | Noticed a boulder beetle
 12386 | Lair:2   | Killed a boulder beetle
 12716 | Lair:2   | Reached skill level 15 in Dodging
 13395 | Lair:3   | Found a staircase to the Shoals.
 13569 | Lair:3   | Found a staircase to the Snake Pit.
 14009 | Lair:3   | Reached skill level 16 in Dodging
 14031 | Lair:3   | Noticed a boulder beetle
 14242 | Lair:3   | Noticed a seven-headed hydra
 14278 | Lair:3   | Killed a seven-headed hydra
 14303 | Lair:3   | Killed a boulder beetle
 14362 | Lair:3   | Reached XP level 13. HP: 57/57 MP: 14/14
 15126 | Lair:4   | Reached skill level 17 in Dodging
 15523 | Lair:4   | You fall into a shaft and drop 1 floor!
 15944 | Lair:5   | Slain by a boulder beetle

Illustrated notes

Levels and vault maps discovered:
D:1:      mrwooster_arrival_statue_3, layout_rooms,
          hellmonk_ecumenical_altar_run_dry, nicolae_wormholes
D:2:      minmay_skewed_foursquare, layout_basic, basic_altar, serial_curves,
          eino_curves_04, eino_curves_02, chequers_serial_rivers_small_3,
          uniq_natasha, uniq_jessica
D:3:      layout_basic
D:4:      minmay_chambers_of_twos, layout_rooms, fedhas_altar_decomposition,
          minmay_temple_entry_overgrown, biasface_ghost_orc_armoury,
          kennysheep_opposing_triangles, uniq_edmund
D:5:      wander_guarded_unrand_ratskin, layout_loops_ring,
          gup_ossuary_entry_pyramid, minmay_misc_feat_enclosed
D:6:      layout_rooms, serial_shops, shop, grunt_ministairs_3, st_stairs_7
D:7:      layout_rooms, old_standard_altar
D:8:      layout_basic, uniq_maggie, uniq_grum
D:9:      layout_small_grid, lair_entry_dummy
D:10:     layout_rooms, uniq_josephine
D:11:     layout_roguey, tgw_xom
Temple:   mainiacjoe_temple_cubbyholes
Lair:1:   layout_gridlike, ebering_ghost_disaster_area, lemuel_centaur_altar,
          lemuel_fruit_tree, grunt_megastairs_2, uniq_gastronok
Lair:2:   layout_cellular_growth, chequers_serial_rivers_micro_d
Lair:3:   nzn_winding_woodlands_stair_trap
          [nzn_winding_woodlands_5x15_river_crossing,
          nzn_winding_woodlands_5x15_eye, nzn_winding_woodlands_5x15_default,
          nzn_winding_woodlands_15x15_killbox, nzn_winding_woodlands_5x15_twine,
          nzn_winding_woodlands_5x15_garden,
          nzn_winding_woodlands_5x15_default], layout_misc_corridors,
          shoals_dummy_entry, minmay_snake_entry_guardpost_small,
          nicolae_quartered_pool_little, st_stairs_12, minmay_holes,
          infiniplex_staircase_pool
Lair:4:   layout_cave_pods
Lair:5:   layout_hall_layers, dpeg_slime_entry_enclosed, grunt_megastairs_4

Skill      XL: |  1  2  3  4  5  6  7  8  9 10 11 12 13 |
---------------+----------------------------------------+-----
Bows           | 5 6 7 9 10 12 14 16 | 16.0
Dodging        | 6 10 13 16 17 | 17.5
Stealth        | 4 8 11 13 14 | 14.8
Evocations     | 3 6 9 11 12 | 12.4
Fighting       | |  1.6

Action                   |  1- 3 |  4- 6 |  7- 9 | 10-12 | 13-15 || total
-------------------------+-------+-------+-------+-------+-------++-------
 Fire: Shortbow          |    73 |   127 |   520 |   963 |   208 ||  1891
Throw: Dart              |       |       |       |    10 |       ||    10
  Use: Scroll            |       |       |     9 |    16 |     3 ||    28
       Potion            |       |       |       |     2 |       ||     2
Armor: Robe              |     3 |     1 |    15 |     4 |       ||    23
       Steam dragon scal |       |       |       |    14 |     5 ||    19
Dodge: Dodged            |    13 |     9 |   122 |   502 |    68 ||   714

Table legend: (Time is in decaauts)
 A = Elapsed time spent in this place.
 B = Non-inter-level travel time spent in this place.
 C = Inter-level travel time spent in this place.
 D = Time resting spent in this place.
 E = Time spent auto-exploring this place.
 F = Levels seen in this place.
 G = Mean time per level.
                   A        B        C        D        E       F      G
               +--------+--------+--------+--------+--------+-----+--------+
         Total |  11828 |  11384 |    444 |   1800 |   6606 |  18 |  657.1 |
       Dungeon |   7576 |   7259 |    317 |   1493 |   3898 |  11 |  688.7 |
        Temple |    221 |    184 |     37 |      0 |    177 |   1 |  221.0 |
          Lair |   3521 |   3431 |     90 |     96 |   2351 |   5 |  704.2 |
       Ossuary |    508 |    508 |      0 |    210 |    179 |   1 |  508.0 |
               +--------+--------+--------+--------+--------+-----+--------+

Top non-repeatable levels by time:
     D:4: 1319 daAuts
  Lair:3: 990 daAuts
     D:8: 972 daAuts
     D:9: 941 daAuts
  Lair:1: 918 daAuts
  Lair:2: 898 daAuts
     D:5: 837 daAuts
     D:7: 794 daAuts
  Lair:4: 685 daAuts
     D:3: 661 daAuts
     D:6: 605 daAuts
 Ossuary: 508 daAuts
     D:2: 499 daAuts
     D:1: 427 daAuts
    D:10: 309 daAuts
